 Dungeon Crawl Stone Soup version 0.17-a0-1393-gcb420ff (webtiles) character file.

135 ololoev the Slasher (level 4, -8/33 HPs)
             Began as a Vampire Warper on June 16, 2015.
             Killed by divine providence
             ... invoked by an orc priest
              (10 damage)
             ... on level 3 of the Dungeon.
             The game lasted 00:04:13 (1951 turns).

ololoev the Slasher (Vampire Warper)                Turns: 1951, Time: 00:04:14

Health: -8/33      AC: 10    Str: 11    XL:     4   Next: 97%
Magic:  7/7        EV:  5    Int: 15    God:
Gold:   169        SH:  0    Dex: 13    Spells: 2 memorised, 4 levels left

rFire  . . .     SeeInvis +     a - +0 falchion
rCold  . . .     Clarity  .     n - +0 chain mail
rNeg   . . .     SustAt   .     (no shield)
rPois  .         Gourm    .     (no helmet)
rElec  .         Spirit   .     (no cloak)
rCorr  .         Warding  .     r - +0 pair of gloves
rMut   .         Stasis   .     c - +0 pair of boots
MR     .....                    (no amulet)
Stlth  ..........               (no ring)
                                (no ring)

@: regenerating very quickly, not resistant to hostile enchantments, extremely
unstealthy
A: fangs 3, see invisible, unbreathing
a: no special abilities


Innate Abilities, Weirdness & Mutations

Your natural rate of healing is extremely fast.
You have razor-sharp teeth.
You have supernaturally acute eyesight.
You can survive without breathing.

Inventory:

Hand weapons
 a - a +0 falchion (weapon)
Missiles
 e - 5 tomahawks of dispersal (quivered)
Armour
 c - a +0 pair of boots (worn)
 n - a +0 chain mail (worn)
 r - a +0 pair of gloves (worn)
Magical devices
 q - a wand of paralysis (3)
Scrolls
 b - a scroll of fear {unknown}
 d - a scroll of blinking
 h - 4 scrolls of identify {unknown}
 i - 3 scrolls of remove curse {unknown}
 m - a scroll of teleportation {unknown}
 s - a scroll of fog {unknown}
Potions
 f - a potion of blood
 g - a potion of brilliance {unknown}
 j - 3 potions of curing {unknown}
 k - a potion of invisibility {unknown}
 l - 2 potions of ambrosia {unknown}
 o - a potion of poison {unknown}
 p - a potion of flight {unknown}


   Skills:
 - Level 1.7 Fighting
 * Level 4.4 Long Blades
 - Level 0.7 Throwing
 + Level 2.1 Armour
 - Level 2.1 Dodging
 - Level 2.0 Spellcasting
 - Level 2.4 Translocations


You had 4 spell levels left.
You knew the following spells:

 Your Spells              Type           Power        Failure   Level  Hunger
a - Apportation           Tloc           #.........   100%        1    #......
b - Blink                 Tloc           N/A          100%        2    ###....


You were on level 3 of the Dungeon.
You were almost alive.

You visited 1 branch of the dungeon, and saw 3 of its levels.

You collected 169 gold pieces.

#.######..#
#[#..>.....
#####.#.#####..
#.......# #..
#.###.#.# #.[
####.# #.#####
#.. #....#
#.....# ##.
#.#### #.....#
#. #@# #.....#
#. #(#
#.....####[ #(#
#.......... #(#
######....# #o#
#....#
#(########
#....#
#oo.o.o..#
#....#
#.######.#
#....# ###
######

Notes
Turn   | Place    | Note
--------------------------------------------------------------
     0 | D:1      | ololoev the Vampire Warper began the quest for the Orb.
     0 | D:1      | Reached XP level 1. HP: 16/16 MP: 3/3
    76 | D:1      | Reached skill level 1 in Armour
   184 | D:1      | Reached XP level 2. HP: 11/22 MP: 5/5
   307 | D:1      | Reached skill level 3 in Long Blades
   420 | D:1      | Reached XP level 3. HP: 27/27 MP: 6/6
   464 | D:1      | Learned a level 2 spell: Blink
  1113 | D:2      | Noticed Natasha
  1125 | D:2      | Killed Natasha
  1125 | D:2      | Reached skill level 4 in Long Blades
  1125 | D:2      | Reached XP level 4. HP: 8/33 MP: 7/7
  1170 | D:2      | Noticed Natasha
  1196 | D:2      | Killed Natasha
  1494 | D:2      | Noticed Natasha
  1501 | D:2      | Killed Natasha
  1951 | D:3      | Killed from afar by an orc priest

Dungeon Overview and Level Annotations

Branches:
Dungeon (3/15)

Altars:


Message History

Something smites you! The orc hits you with a club.
You closely miss the orc.
The orc is moderately wounded.
The orc priest mumbles some strange prayers to Beogh against you.
Something smites you! The orc barely misses you.
You are too injured to fight recklessly!
You are too injured to fight recklessly!
You are too injured to fight recklessly!
You are too injured to fight recklessly!
You are too injured to fight recklessly!
You are too injured to fight recklessly!
You are too injured to fight recklessly!
You are too injured to fight recklessly!
You are too injured to fight recklessly!
You are too injured to fight recklessly!
You are too injured to fight recklessly!
You are too injured to fight recklessly!
You are too injured to fight recklessly!
You are too injured to fight recklessly!
You are too injured to fight recklessly!
You are too injured to fight recklessly!
You are too injured to fight recklessly!
You are too injured to fight recklessly!
You are too injured to fight recklessly!
You are too injured to fight recklessly!
The orc throws a tomahawk.
The tomahawk barely misses you.
You see here a tomahawk.
Drink which item? (? for menu, Esc to quit)
Yummy - fresh blood!
The orc throws a tomahawk.
The tomahawk hits you but does no damage.
You see here a tomahawk.
The orc throws a tomahawk.
The tomahawk hits you.
You see here a tomahawk.
The orc throws a tomahawk.
The tomahawk hits you but does no damage.
You see here a tomahawk.
The orc priest mumbles some strange prayers to Beogh against you.
Something smites you!
You die...

You could see an orc priest and 2 orcs.

Vanquished Creatures
  Natasha (thrice) (D:2)
  A gnoll (D:1)
  3 adders
  A worm (D:3)
  2 giant geckos (D:1)
  2 orcs (D:3)
  A ball python (D:2)
  2 giant cockroaches
  4 hobgoblins
  7 jackals (D:2)
  8 kobolds
  15 bats
  A giant newt (D:1)
  4 goblins
  3 rats
  2 fungi (D:2)
59 creatures vanquished.

Action                   |  1- 3 |  4- 6 || total
-------------------------+-------+-------++-------
Melee: Falchion          |   137 |   133 ||   270
  Use: Potion            |       |     2 ||     2
  Eat: Corpse            |    13 |     6 ||    19

Vault maps used:
D:1:      lightli_molten_gateway
D:2:      minmay_gold_behind_fungi, hangedman_decor_clover_reticule,
          uniq_natasha
D:3:      grunt_temple_overflow_open
